Map: Orbital Shipyard

Players

Nerdrrage - Winner!

  • Race: Protoss Protoss
  • League: Silver

Solipsis

  • Race: Terran Terran
  • League: Silver

VOD

Have the link to the VOD?

Description

Time

  • Played on: Dec. 4, 2015, 5:54 a.m.
  • Length: 7:56
Show
View Real Time Build Order
Export as new Build Order

Nerdrrage Protoss - Winner!

Build Orders: Nexus First, Blink Stalkers 

Get SALT Encoding   

  12  0:01  Probe (Chrono Boost)  
  13  0:12  Probe (Chrono Boost)  
  14  0:18  Pylon  
  14  0:22  Probe (Chrono Boost)  
  15  0:36  Probe (Chrono Boost)  
  16  0:47  Probe (Chrono Boost)  
  17  0:57  Probe (Chrono Boost)  
  18  1:04  Nexus  
  18  1:08  Probe (Chrono Boost)  
  19  1:17  Gateway  
  20  1:18  Probe (Chrono Boost)  
  20  1:26  Assimilator  
  20  1:28  Assimilator  
  20  1:32  Probe (Chrono Boost)  
  21  1:39  Pylon  
  21  1:43  Probe (Chrono Boost)  
  22  1:53  Probe (Chrono Boost)  
  23  1:56  Gateway  
  23  2:04  Cybernetics Core  
  23  2:07  Probe (Chrono Boost)  
  24  2:18  Probe (Chrono Boost)  
  24  2:20  Probe (Chrono Boost)  
  26  2:29  Probe (Chrono Boost)  
  27  2:30  Probe (Chrono Boost)  
  28  2:39  Probe (Chrono Boost)  
  28  2:41  Probe (Chrono Boost), Warp Gate  
  30  2:44  Adept  
  30  2:45  Adept  
  35  2:54  Mothership Core (Chrono Boost)  
  35  2:56  Twilight Council  
  36  3:00  Probe (Chrono Boost)  
  36  3:04  Pylon  
  37  3:10  Probe (Chrono Boost)  
  37  3:12  Probe (Chrono Boost)  
  39  3:21  Probe (Chrono Boost)  
  39  3:22  Pylon  
  39  3:23  Probe (Chrono Boost)  
  39  3:25  Pylon  
  41  3:27  Stalker  
  41  3:29  Stalker  
  45  3:36  Probe x2 (Chrono Boost)  
  45  3:40  Blink  
  47  3:46  Probe x2 (Chrono Boost)  
  49  4:06  Probe (Chrono Boost)  
  49  4:07  Probe (Chrono Boost)  
  51  4:17  Probe x2 (Chrono Boost), Robotics Facility  
  51  4:20  Pylon  
  51  4:21  Assimilator  
  53  4:26  Assimilator  
  53  4:27  Gateway  
  53  4:28  Probe (Chrono Boost)  
  52  4:37  Probe (Chrono Boost)  
  54  4:38  Probe (Chrono Boost)  
  54  4:43  Gateway  
  54  4:48  Probe (Chrono Boost)  
  54  4:49  Probe (Chrono Boost)  
  54  4:51  Stalker x2  
  60  4:56  Nexus  
  61  5:00  Probe (Chrono Boost)  
  61  5:04  Pylon  
  59  5:09  Pylon  
  59  5:10  Probe (Chrono Boost)  
  59  5:11  Observer (Chrono Boost)  
  61  5:17  Gateway  
  61  5:20  Probe x2 (Chrono Boost)  
  63  5:24  Stalker x2  
  67  5:33  Probe, Observer (Chrono Boost), Pylon  
  69  5:37  Pylon  
  69  5:39  Pylon  
  69  5:41  Stalker  
  69  5:42  Stalker  
  73  5:46  Probe  
  74  5:51  Observer (Chrono Boost)  
  74  5:53  Gateway  
  74  5:55  Gateway  
  75  5:59  Stalker x2  
  79  6:06  Stalker  
  79  6:08  Stalker  
  83  6:11  Probe  
  83  6:13  Probe  
  83  6:17  Gateway  
  85  6:20  Pylon  
  85  6:21  Gateway  
  85  6:22  Probe  
  88  6:33  Stalker x2  
  88  6:35  Stalker  
  92  6:44  Gateway  
  92  6:45  Gateway x2  
  92  6:53  Stalker x2  
  96  6:56  Stalker  
  96  6:59  Stalker  
  100  7:05  Warp Prism (Chrono Boost)  
  100  7:06  Stalker  
  104  7:14  Stalker x2  
  108  7:16  Stalker  
  108  7:17  Pylon  
  108  7:20  Stalker  
  108  7:21  Stalker  
  114  7:24  Stalker  
  114  7:27  Stalker  
  118  7:37  Stalker  
  118  7:38  Stalker x3  
  118  7:42  Pylon  
  126  7:50  Pylon  
  126  7:52  Stalker x4  
Show
View Real Time Build Order
Export as new Build Order

Solipsis Terran 

Build Orders:  

Get SALT Encoding   

  12  0:01  SCV  
  13  0:13  SCV  
  14  0:25  Supply Depot, SCV  
  15  0:46  SCV  
  16  0:51  Barracks  
  16  0:58  SCV  
  16  1:00  Supply Depot  
  17  1:07  Refinery  
  17  1:11  SCV, Refinery  
  18  1:43  Command Center  
  18  1:53  Marine  
  19  2:09  Orbital Command  
  19  2:11  Marine  
  20  2:27  Factory  
  20  2:28  Refinery  
  20  2:29  Marine  
  21  2:38  SCV  
  22  2:57  Orbital Command  
  22  2:59  SCV  
  23  3:11  Supply Depot, SCV  
  23  3:12  Starport  
  24  3:16  Factory Reactor  
  24  3:48  Marine  
  25  3:50  Supply Depot  
  22  4:01  Hellion  
  22  4:02  Hellion  
  24  4:06  Marine  
  24  4:23  Marine  
  23  4:41  Marine  
  24  4:55  Hellion  
  24  4:59  Marine  
  27  5:11  SCV x2  
  29  5:21  Starport Reactor  
  28  5:23  SCV x2, Barracks Reactor  
  30  5:30  Barracks  
  30  5:32  Barracks  
  30  5:35  SCV x2  
  32  5:40  Widow Mine x2  
  36  5:47  SCV x2  
  38  5:53  Engineering Bay  
  38  5:56  Supply Depot, Engineering Bay  
  38  5:59  SCV x2  
  38  6:07  Marine x2  
  38  6:19  Supply Depot, SCV x2  
  40  6:28  Barracks Tech Lab  
  40  6:29  Barracks Tech Lab  
  40  6:31  SCV x2  
  42  6:43  SCV  
  42  6:45  SCV, Refinery  
  42  6:46  Refinery  
  44  6:55  SCV, Marine x2  
  44  6:56  Marauder x2  
  44  6:57  SCV, Widow Mine  
  54  7:07  SCV  
  55  7:09  SCV  
  55  7:13  Marine x2  
  62  7:32  Marine, Marauder  
  62  7:33  Command Center  
  65  7:37  SCV x2  
Tags
 
Add a new tag
Caveats
  • Supply blocks, unpowered buildings, or Contaminate may cause inaccurate times.
  • Supply counts are checked every 10 seconds.